 Dungeon Sprint DCSS version 0.22-a0-571-g4a923d4 (webtiles) character file.

15018 George the Severer (level 11, -1/114 HPs)
             Began as a Minotaur Fighter on July 1, 2018.
             Was the Champion of Okawaru.
             Killed by divine providence
             ... invoked by an orc high priest
              (8 damage)
             ... in the Dungeon (Sprint IX: "|||||||||||||||||||||||||||||").
             The game lasted 00:06:35 (2108 turns).

George the Severer (Minotaur Fighter)               Turns: 2108, Time: 00:06:36

Health: -1/114     AC: 23    Str: 30    XL:     11   Next: 96%
Magic:  2/6        EV: 17    Int:  9    God:    Okawaru [******]
Gold:   1255       SH:  0    Dex: 10    Spells: 10/10 levels left

rFire    . . .     SeeInvis .   A - +4 executioner's axe of the Ego {antimagic, *Contam Str+6 Int+4}
rCold    . . .     Gourm    .   (shield currently unavailable)
rNeg     . . .     Faith    .   w - +6 scale mail of Hopscotch {MR++}
rPois    .         Spirit   .   (helmet restricted)
rElec    .         Reflect  .   t - +0 cloak
rCorr    .         Harm     .   a - +0 pair of gloves
MR       ++...     NoTele   +   (no boots)
Stlth    ..........             (no amulet)
HPRegen  0.29/turn              b - +2 ring of protection
MPRegen  0.10/turn              s - +2 ring of protection

@: finesse
A: retaliatory headbutt, horns 2
a: Heroism, Finesse, Renounce Religion


You were in the Dungeon.
You worshipped Okawaru.
Okawaru was exalted by your worship.
You were very hungry.

You visited 1 branch You collected 1255 gold pieces.

Inventory:

Hand Weapons
 q - a +2 morningstar of protection
 r - a +3 war axe of freezing
 A - the +4 executioner's axe of the Ego (weapon) {antimagic, *Contam Str+6 Int+4}
   (Okawaru gifted it to you in the Dungeon)

   It reduces the magical energy of the wielder, and disrupts the spells and
   magical abilities of those hit.
   Natural abilities and divine invocations are not affected.
   It affects your strength (+6).
   It affects your intelligence (+4).
   It causes magical contamination when unequipped.
Missiles
 z - 6 javelins of penetration (quivered)
Armour
 a - a +0 pair of gloves (worn)
 c - a +0 shield
 t - a +0 cloak (worn)
 w - the +6 scale mail of Hopscotch (worn) {MR++}
   (You found it in the Dungeon)

   It affects your resistance to hostile enchantments.
Jewellery
 b - a +2 ring of protection (left hand)
 s - a +2 ring of protection (right hand)
Wands
 p - a wand of iceblast (10)
Scrolls
 k - 3 scrolls of blinking
 l - 4 scrolls of enchant weapon
 n - 4 scrolls of remove curse
 o - 2 scrolls of amnesia
 x - 2 scrolls of enchant armour
 y - a scroll of fog
Potions
 d - a potion of might
 e - 6 potions of curing
 g - 2 potions of heal wounds
 h - a potion of haste
 i - 4 potions of magic
 j - a potion of berserk rage
 m - 2 potions of invisibility
 u - a potion of agility
 v - 2 potions of mutation
Comestibles
 f - 11 rations


   Skills:
 + Level 15.8 Fighting
 + Level 17.2 Axes
 + Level 15.9 Armour
 + Level 14.2 Dodging
 - Level 4.1 Shields
 + Level 12.8 Invocations


You had 10 spell levels left.
You didn't know any spells.
Your spell library was empty.

Dungeon Overview and Level Annotations

Branches:
Dungeon (1/1)

Altars:
Cheibriados
Dithmenos
Elyvilon
Fedhas
Gozag
Hepliaklqana
Kikubaaqudgha
Makhleb
Nemelex Xobeh
Okawaru
Qazlal
Ru
Sif Muna
Trog
Uskayaw
Vehumet
Wu Jian
Xom
Yredelemnul
Zin
The Shining One
Beogh
Jiyva
Lugonu

Shops:
D [%}!


Innate Abilities, Weirdness & Mutations

You reflexively headbutt those who attack you in melee.
You have a pair of horns on your head.


Message History

The hellwing hits you.
* * * LOW HITPOINT WARNING * * *
The orc knight misses you. You furiously retaliate!
You headbutt the orc knight.
You open the orc knight like a pillowcase!!!
You kill the orc knight!
Okawaru is honoured by your kill. Something appears at your feet!
Okawaru grants you armour!
You hit the hellwing but do no damage.
The orc high priest mumbles some strange prayers to Beogh against you.
Beogh smites you!
* * * LOW HITPOINT WARNING * * *
You slice the orc!!
You kill the orc!
Okawaru accepts your kill.
You barely miss the hellwing.
The orc high priest mumbles some strange prayers to Beogh against you.
Beogh smites you!
You die...

▓▓▓▓▓▓▓▓▓▓▓▓▓▓▓▓▓▓▓▓▓▓▓▓
).......))$$))∩4@)∩o3.o.
▓▓▓▓▓▓▓▓▓▓▓▓▓▓▓▓▓▓▓▓▓▓▓▓▓▓▓▓▓▓▓▓▓
........)........................
▓▓▓▓▓▓▓▓▓▓▓▓▓▓▓▓▓▓▓▓▓▓▓▓▓▓▓▓▓▓▓▓▓
.......÷÷'÷........(..'..[[.[..'.
▓▓▓▓▓▓▓▓▓▓▓▓▓▓▓▓▓▓▓▓▓▓▓▓▓▓▓▓▓▓▓▓▓
.............)†..................
▓▓▓▓▓▓▓▓▓▓▓▓▓▓▓▓▓▓▓▓▓▓▓▓▓▓▓▓▓▓▓▓▓
_________'..|)[.[..'))....[).....


You could see 2 orc high priests, a sun demon and a hellwing.

Vanquished Creatures
  Erolcha (D)
  A hydra (D)
  2 two-headed ogres (D)
  2 catoblepae (D)
  3 death yaks (D)
  4 orc high priests (D)
  4 orc knights (D)
  2 black mambas (D)
  2 spiny frogs (D)
  A dream sheep (D)
  2 hippogriffs (D)
  5 yaks (D)
  A wraith (D)
  Grum (D)
  An acid dragon (D)
  2 porcupines (D)
  11 orc warriors (D)
  A phantom (D)
  3 wolves (D)
  4 crocodiles (D)
  4 bullfrogs (D)
  A gnoll sergeant (D)
  3 orc wizards (D)
  3 orc priests (D)
  A worker ant (D)
  An adder (D)
  A shadow imp (D)
  14 orcs (D)
  A giant cockroach (D)
  2 goblins (D)
  A hobgoblin (D)
  A quokka (D)
  A bat (D)
  A leopard gecko zombie (D)
  A quokka skeleton (D)
89 creatures vanquished.

Notes
Turn   | Place    | Note
-------+----------+-------------------------------------------
     0 | D        | George the Minotaur Fighter began the quest for the Orb.
     0 | D        | Reached XP level 1. HP: 19/19 MP: 0/0
     6 | D        | Reached skill level 3 in Axes
    36 | D        | Noticed a phantom
    47 | D        | Killed a phantom
    47 | D        | Reached skill level 5 in Fighting
    47 | D        | Reached skill level 7 in Axes
    47 | D        | Reached skill level 5 in Armour
    47 | D        | Reached XP level 2. HP: 30/30 MP: 1/1
    47 | D        | Reached XP level 3. HP: 37/37 MP: 2/2
    47 | D        | Reached XP level 4. HP: 44/44 MP: 3/3
    65 | D        | Found a roughly hewn altar of Beogh.
    65 | D        | Found a snail-covered altar of Cheibriados.
    65 | D        | Found a shadowy altar of Dithmenos.
    65 | D        | Found a white marble altar of Elyvilon.
    65 | D        | Found a blossoming altar of Fedhas.
    65 | D        | Found an opulent altar of Gozag.
    66 | D        | Found a hazy altar of Hepliaklqana.
    67 | D        | Found a viscous altar of Jiyva.
    68 | D        | Found an ancient bone altar of Kikubaaqudgha.
    69 | D        | Found a corrupted altar of Lugonu.
    70 | D        | Found a burning altar of Makhleb.
    71 | D        | Found a sparkling altar of Nemelex Xobeh.
    72 | D        | Found an iron altar of Okawaru.
    73 | D        | Found a stormy altar of Qazlal.
    74 | D        | Found a sacrificial altar of Ru.
    75 | D        | Found a deep blue altar of Sif Muna.
    76 | D        | Found a bloodstained altar of Trog.
    77 | D        | Found a hide-covered altar of Uskayaw.
    78 | D        | Found a radiant altar of Vehumet.
    79 | D        | Found an ornate altar of the Wu Jian Council.
    80 | D        | Became a worshipper of Warmaster Okawaru
    81 | D        | Found a shimmering altar of Xom.
    82 | D        | Found a basalt altar of Yredelemnul.
    83 | D        | Found a glowing silver altar of Zin.
    84 | D        | Found a glowing golden altar of the Shining One.
   132 | D        | Noticed a two-headed ogre
   132 | D        | Noticed a gnoll sergeant
   138 | D        | Killed a two-headed ogre
   138 | D        | Reached * piety under Okawaru
   138 | D        | Reached ** piety under Okawaru
   138 | D        | Reached skill level 11 in Axes
   138 | D        | Reached skill level 5 in Invocations
   138 | D        | Reached XP level 5. HP: 26/57 MP: 3/8
   138 | D        | Reached XP level 6. HP: 29/63 MP: 3/9
   138 | D        | Reached XP level 7. HP: 32/70 MP: 3/10
   146 | D        | Reached *** piety under Okawaru
   321 | D        | Noticed a yak
   321 | D        | Noticed a two-headed ogre
   321 | D        | Noticed a wraith
   325 | D        | Reached skill level 12 in Axes
   329 | D        | Killed a yak
   329 | D        | Reached XP level 8. HP: 79/79 MP: 11/11
   333 | D        | Killed a two-headed ogre
   333 | D        | Reached **** piety under Okawaru
   333 | D        | Reached skill level 10 in Fighting
   333 | D        | Reached skill level 13 in Axes
   333 | D        | Reached skill level 10 in Armour
   559 | D        | Noticed Grum
   563 | D        | Reached XP level 9. HP: 81/86 MP: 13/13
   567 | D        | Reached skill level 14 in Axes
   571 | D        | Killed Grum
   650 | D        | Got the +6 scale mail of Hopscotch {MR++}
   691 | D        | Reached ***** piety under Okawaru
   693 | D        | Reached skill level 15 in Axes
   695 | D        | Reached skill level 10 in Dodging
   743 | D        | Noticed a black mamba
   743 | D        | Noticed a five-headed hydra
   743 | D        | Noticed a spiny frog
   743 | D        | Noticed a black mamba
   747 | D        | Received a gift from Okawaru
   753 | D        | Noticed a spiny frog
   754 | D        | Killed a five-headed hydra
   754 | D        | Reached XP level 10. HP: 72/97 MP: 12/15
   761 | D        | Killed a black mamba
   761 | D        | Reached skill level 16 in Axes
   769 | D        | Killed a spiny frog
   772 | D        | Killed a black mamba
   776 | D        | Killed a spiny frog
  1012 | D        | Noticed a catoblepas
  1012 | D        | Noticed a catoblepas
  1012 | D        | Noticed a death yak
  1012 | D        | Noticed a death yak
  1019 | D        | Noticed a death yak
  1042 | D        | Killed a catoblepas
  1042 | D        | Reached skill level 10 in Invocations
  1056 | D        | Killed a catoblepas
  1056 | D        | Received a gift from Okawaru
  1072 | D        | Killed a death yak
  1078 | D        | Killed a death yak
  1078 | D        | Reached XP level 11. HP: 36/110 MP: 13/18
  1093 | D        | Killed a death yak
  1113 | D        | Got a brightly glowing executioner's axe {god gift}
  1119 | D        | Identified the +4 executioner's axe of the Ego {antimagic, *Contam Str+6 Int+4} (Okawaru gifted it to you in the Dungeon)
  1496 | D        | Noticed Erolcha
  1504 | D        | Killed Erolcha
  1504 | D        | Reached ****** piety under Okawaru
  1662 | D        | Noticed an orc knight
  1667 | D        | Noticed an orc high priest
  1669 | D        | Received a gift from Okawaru
  1677 | D        | Killed an orc knight
  1679 | D        | Reached skill level 15 in Armour
  1698 | D        | Killed an orc high priest
  1698 | D        | Reached skill level 15 in Fighting
  2061 | D        | Found Geguf's Armour Emporium.
  2061 | D        | Noticed an orc high priest
  2062 | D        | Noticed an orc high priest
  2064 | D        | Killed an orc high priest
  2065 | D        | Noticed an orc high priest
  2070 | D        | Found Lerog's Food Shoppe.
  2072 | D        | Noticed an orc knight
  2085 | D        | Found Pookhomauxt's Gadget Emporium.
  2085 | D        | Noticed an orc knight
  2089 | D        | Killed an orc high priest
  2089 | D        | Noticed an orc knight
  2093 | D        | Killed an orc high priest
  2093 | D        | Reached skill level 17 in Axes
  2094 | D        | Found Muepur's Distillery.
  2098 | D        | Noticed an orc high priest
  2099 | D        | Killed an orc knight
  2102 | D        | Noticed a sun demon
  2103 | D        | Noticed an orc high priest
  2104 | D        | Killed an orc knight
  2107 | D        | Killed an orc knight
  2107 | D        | Received a gift from Okawaru
  2108 | D        | Killed from afar by an orc high priest

Vault maps used:
D:        linesprint

Skill      XL: |  1  2  3  4  5  6  7  8  9 10 11 |
---------------+----------------------------------+-----
Axes           | 7 11 12 13 15 16 17 | 17.2
Fighting       | 5 9 10 12 14 15 | 15.8
Armour         | 5 9 10 12 14 15 | 15.9
Shields        | 4 |  4.1
Dodging        | 3 7 9 10 12 14 | 14.2
Invocations    | 5 6 7 9 11 12 | 12.8

Action                   |  1- 3 |  4- 6 |  7- 9 | 10-12 || total
-------------------------+-------+-------+-------+-------++-------
Melee: War axe           |    20 |    15 |    65 |    68 ||   168
       Headbutt          |     3 |     4 |    16 |    36 ||    59
       Morningstar       |       |       |     5 |       ||     5
       Executioner's axe |       |       |       |   104 ||   104
Invok: Heroism           |       |       |     1 |     3 ||     4
       Finesse           |       |       |       |     2 ||     2
  Use: Potion            |       |       |       |     3 ||     3
 Stab: Petrifying        |       |       |       |     1 ||     1
  Eat: Chunk             |       |       |       |     3 ||     3
Armor: Scale mail        |     8 |       |    12 |    45 ||    65
       Chain mail        |       |     3 |    11 |       ||    14
Dodge: Dodged            |     5 |     1 |    25 |    65 ||    96
Block: Shield            |     8 |     8 |    25 |    11 ||    52

Table legend:
 A = Spawn XP
 B = Non-spawn XP
 C = Spawn XP percentage of total XP
 D = Spawn monster count
 E = Non-spawn monster count
 F = Spawn count percentage of total count
 G = Total turns spent on level
                    A         B        C        D         E        F      G
               +---------+---------+-------+---------+---------+-------+---------
         Total |       0 |   21455 |   0.0 |       0 |      89 |   0.0 |  2108
               +---------+---------+-------+---------+---------+-------+---------
             D |       0 |   21455 |   0.0 |       0 |      89 |   0.0 |  2108
               +---------+---------+-------+---------+---------+-------+---------
